 Dungeon Crawl Stone Soup version 0.29-a0-367-gc2b5878c41 (webtiles) character file.

Game seed: 6517841081888269829

63 Lekart the Skirmisher (level 3, -1/33 HPs)
             Began as a Draconian Chaos Knight on May 1, 2022.
             Was a Plaything of Xom.
             Slain by Natasha (5 damage)
             ... on level 2 of the Dungeon.
             The game lasted 00:01:50 (1435 turns).

Lekart the Skirmisher (Draconian Chaos Knight)      Turns: 1435, Time: 00:01:51

Health: -1/33      AC:  6    Str: 14    XL:     3   Next: 89%
Magic:  3/3        EV: 27    Int: 12    God:    Xom [..*...]
Gold:   133        SH:  0    Dex: 12    Spells: 1/2 levels left

rFire   . . .      SeeInvis .   a - +0 falchion (chaos)
rCold   . . .      Faith    .   (no shield)
rNeg    . . .      Spirit   .   (body armour unavailable)
rPois   .          Reflect  .   (helmet restricted)
rElec   .          Harm     .   (no cloak)
rCorr   .          Rampage  .   d - +0 pair of gloves
Will    .....                   (no boots)
Stlth   +.........              k - amulet of the acrobat
HPRegen 0.11/turn               (no ring)
MPRegen 0.08/turn               (no ring)

@: acrobatic, slowed, very slow
A: AC +5, unfitting armour, cold-blooded
a: Renounce Religion


You were on level 2 of the Dungeon.
You worshipped Xom.
You were a toy of Xom.
You visited 1 branch of the dungeon, and saw 2 of its levels.

You collected 133 gold pieces.

Inventory:

Hand Weapons
 a - a +0 falchion of chaos (weapon)
Armour
 d - a +0 pair of gloves (worn)
Jewellery
 k - an amulet of the acrobat (around neck)
Wands
 i - a wand of charming (3)
Scrolls
 c - a scroll of immolation {unknown}
 e - a scroll of fear {unknown}
 f - 2 scrolls of identify {unknown}
 j - a scroll of enchant armour {unknown}
 m - 2 scrolls of amnesia {unknown}
Potions
 g - a potion of might {unknown}
 h - 2 potions of curing {unknown}
 l - a potion of haste {unknown}
 n - a potion of lignification {unknown}
Miscellaneous
 b - a piece from Xom's chessboard (15/15) (quivered)


   Skills:
 + Level 4.0 Fighting
 + Level 3.7 Long Blades
 * Level 2.8 Dodging
 + Level 0.3 Spellcasting
 + Level 0.2 Transmutations


You had one spell level left.
You knew the following spells:

 Your Spells              Type           Power      Damage    Failure   Level
a - Beastly Appendage     Tmut           0%         N/A       28%         1

Your spell library contained the following spells:

 Spells                   Type           Power      Damage    Failure   Level
 Freeze                   Ice            0%         1d3       32%         1
 Wereblood                Tmut           0%         N/A       41%         2
 Spider Form              Tmut/Pois      0%         N/A       67%         3
 Frozen Ramparts          Ice            0%         1d2       69%         3
 Ozocubu's Armour         Ice            0%         N/A       69%         3
 Hailstorm                Conj/Ice       0%         3d3       97%         4
 Ozocubu's Refrigeration  Ice            0%         4d5       100%        7


Dungeon Overview and Level Annotations

Branches:
Dungeon (2/15)

Altars:
Kikubaaqudgha

Shops:
D:2 =

Annotations:
D:2 Natasha


Innate Abilities, Weirdness & Mutations

Your plain brown scales are hard. (AC +5)
You cannot fit into any form of body armour.
You are cold-blooded and may be slowed by cold attacks.


Message History

The orc misses you.
You closely miss Natasha.
Natasha is heavily wounded.
Natasha barely misses you. The orc barely misses you. Natasha claws you.
You are too injured to fight recklessly!
You are too injured to fight recklessly!
You are too injured to fight recklessly!
You are too injured to fight recklessly!
You are too injured to fight recklessly!
You are too injured to fight recklessly!
You are too injured to fight recklessly!
You are too injured to fight recklessly!
You are too injured to fight recklessly!
You are too injured to fight recklessly!
You are too injured to fight recklessly!
You are too injured to fight recklessly!
You are too injured to fight recklessly!
You are too injured to fight recklessly!
You are too injured to fight recklessly!
You are too injured to fight recklessly!
You closely miss Natasha.
You tail-slap Natasha, but do no damage.
Natasha is heavily wounded.
The orc hits you with a +0 trident.
* * * LOW HITPOINT WARNING * * *
Natasha claws you.
* * * LOW HITPOINT WARNING * * *
The orc hits you but does no damage.
Natasha casts a spell.
You hit Natasha.
Natasha is heavily wounded.
The orc barely misses you. Natasha claws you but does no damage.
The orc closely misses you.
The white imp laughs crazily.
The orc completely misses you. Natasha misses you.
Things that are here:
11 gold pieces; a giant cockroach corpse Natasha attacks as you move away!
Natasha claws you.
You die...
Xom snickers!

######################
...........>.........#
.###################.#
.# #)○...# .# #@#####
.# #h# .# #.oo# .#
#..(5.# .# #....5# .#
.......# .# ........#
.# ........# .#
#'##....#


You could see Natasha, a crimson imp (summoned), a white imp (summoned) and 2
orcs.

Vanquished Creatures
  Natasha (D:2)
  2 orcs (D:2)
  4 ball pythons
  6 endoplasms (D:1)
  2 giant cockroaches
  3 goblins (D:1)
  2 jackals (D:1)
  3 quokkas (D:1)
  3 frilled lizards
  6 kobolds
  2 rats
34 creatures vanquished.

Notes
Turn   | Place    | Note
-------+----------+-------------------------------------------
     0 | D:1      | Lekart the Draconian Chaos Knight began the quest for the
                  | Orb.
     0 | D:1      | Reached XP level 1. HP: 19/19 MP: 1/1
   108 | D:1      | XOM: divination: detect creatures
   208 | D:1      | XOM: potion effect (might)
   213 | D:1      | Reached XP level 2. HP: 26/26 MP: 2/2
   515 | D:1      | Learned a level 1 spell: Beastly Appendage
   572 | D:1      | XOM: god gift: short ivory wand {god gift}
   582 | D:1      | XOM: summons 2 friendly demons
   702 | D:1      | XOM: god gift: 57 gold pieces
   922 | D:1      | Reached XP level 3. HP: 26/33 MP: 0/3
  1067 | D:2      | Found an ancient bone altar of Kikubaaqudgha.
  1122 | D:2      | Noticed Natasha
  1128 | D:2      | Killed Natasha
  1227 | D:2      | XOM: silly message
  1273 | D:2      | Found Zinkicub's Jewellery Shop.
  1334 | D:2      | Reached skill level 4 in Fighting
  1415 | D:2      | Noticed Natasha
  1424 | D:2      | XOM: smoke on damage
  1435 | D:2      | Slain by Natasha

Illustrated notes

Levels and vault maps discovered:
D:1:      dpeg_arrival_shelter, layout_loops_cross,
          nicolae_concentric_dashed_squares_wild
D:2:      layout_basic, basic_altar, dreamdust_ecumenical_altar_drowned_temple,
          serial_shops, shop, minmay_misc_feat_enclosed, uniq_natasha

Skill      XL: |  1  2  3 |
---------------+----------+-----
Fighting       | 4 |  4.0
Long Blades    | |  3.7
Dodging        | |  2.8
Spellcasting   | |  0.3
Transmutations | |  0.2

Action                   || total
-------------------------++-------
Melee: Falchion          ||   110
       Tailslap          ||     7
       Punch             ||     2
       Headbutt          ||     2
       Kick              ||     2
 Cast: Beastly Appendage ||     9
 Stab: Sleeping          ||     1
Armor: Skin              ||    32
Dodge: Dodged            ||    78

Table legend: (Time is in decaauts)
 A = Elapsed time spent in this place.
 B = Non-inter-level travel time spent in this place.
 C = Inter-level travel time spent in this place.
 D = Time resting spent in this place.
 E = Time spent auto-exploring this place.
 F = Levels seen in this place.
 G = Mean time per level.
                   A        B        C        D        E       F      G
               +--------+--------+--------+--------+--------+-----+--------+
         Total |   1453 |   1415 |     38 |      0 |   1145 |   2 |  726.5 |
       Dungeon |   1453 |   1415 |     38 |      0 |   1145 |   2 |  726.5 |
               +--------+--------+--------+--------+--------+-----+--------+

Top non-repeatable levels by time:
     D:1: 1076 daAuts
     D:2: 376 daAuts
